[Event "Titled Tuesday Blitz April 25 Early 2023"]
[White "Yurasova, Daria"]
[Black "Rosenberg, Evan S"]
[WhiteFideId "34146919"]
[BlackFideId "2019299"]
[WhiteElo "2134"]
[BlackElo "2277"]
[Result "0-1"]
[Round "05"]
[TimeControl "180+2"]
[Date "2023.04.25"]
[WhiteClock "0:00:01"]
[BlackClock "0:00:08"]

1. d4 d5 2. Nf3 Bf5 3. Bf4 e6 4. c3 Nf6 5. e3 c6 6. Bd3 Bxd3 7. Qxd3 Qb6 8. Nbd2 Be7 9. O-O O-O 10. h3 Nbd7 11. c4 dxc4 12. Nxc4 Qa6 13. e4 Nxe4 14. Qxe4 Qxc4 15. Ne5 Nxe5 16. Bxe5 Qd5 17. Qg4 f6 18. Bh2 Rfe8 19. Rfe1 Bd6 20. Bxd6 Qxd6 21. Re2 Rad8 22. Rae1 e5 23. dxe5 Rxe5 24. Rxe5 fxe5 25. Qc4+ Qd5 26. Qa4 a6 27. Qb4 Rd7 28. Qc3 Re7 29. Qb4 Kf7 30. b3 Qd4 31. Qa3 c5 32. Qc1 h6 33. Rd1 Qb4 34. Qe3 b6 35. Qf3+ Qf4 36. Qd5+ Kg6 37. Qd6+ Qf6 38. Qb8 Re6 39. Rd3 Kh7 40. Re3 e4 41. Qb7 Qe5 42. g3 b5 43. Qd7 Rd6 44. Qf7 Rf6 45. Qd7 c4 46. bxc4 bxc4 47. Qd2 Rd6 48. Qc2 Rd3 49. Re2 Qd4 50. Kg2 c3 51. Re1 h5 52. Re2 h4 53. g4 a5 54. Re1 g6 55. Re2 a4 56. a3 Kg7 57. Re1 Rd2 58. Qxe4 Qxf2+ 59. Kh1 Qh2# 0-1


[Site "https://www.chess.com"]

[Event "Titled Tuesday Blitz April 25 Early 2023"]
[White "mjelcic"]
[Black "Fernandez Siles, Luis"]
[BlackFideId "2209420"]
[WhiteElo "2216"]
[BlackElo "2195"]
[Result "0-1"]
[Round "05"]
[TimeControl "180+2"]
[Date "2023.04.25"]
[WhiteClock "0:00:17"]
[BlackClock "0:00:31"]

1. c4 Nf6 2. Nc3 g6 3. g3 Bg7 4. Bg2 O-O 5. e4 d6 6. Nge2 c5 7. O-O Nc6 8. d3 Bg4 9. f3 Bd7 10. f4 Ne8 11. Be3 Nd4 12. Qd2 Nc7 13. Rab1 a5 14. b3 Rb8 15. Kh1 b5 16. Nxb5 Ncxb5 17. cxb5 Bxb5 18. Bxd4 cxd4 19. Rfc1 Qb6 20. Ng1 Qa6 21. Bf1 Rfc8 22. Rxc8+ Rxc8 23. Rc1 Rxc1 24. Qxc1 Bxd3 25. Bxd3 Qxd3 26. Qc8+ Bf8 27. Qc6 Qe3 28. e5 d3 29. Qf3 Qd4 30. Kg2 d2 31. Qd1 dxe5 32. fxe5 Bh6 33. Nf3 Qc3 34. Kf1 Qd3+ 35. Kg2 Be3 36. e6 f6 37. a3 Qd5 38. b4 axb4 39. axb4 g5 40. h3 h5 41. g4 f5 42. Kf1 fxg4 43. hxg4 hxg4 44. Nxg5 Qh1+ 45. Ke2 Qxd1+ 46. Kxd1 Bxg5 0-1


[Site "https://www.chess.com"]

[Event "Titled Tuesday Blitz April 25 Early 2023"]
[White "Christensen, Thomas"]
[Black "Khamdamova, Afruza"]
[WhiteFideId "1403532"]
[BlackFideId "14210444"]
[WhiteElo "2177"]
[BlackElo "2210"]
[Result "0-1"]
[Round "05"]
[TimeControl "180+2"]
[Date "2023.04.25"]
[WhiteClock "0:00:14"]
[BlackClock "0:00:06"]

1. d4 Nf6 2. Nc3 d5 3. e4 Nxe4 4. Nxe4 dxe4 5. Bc4 c5 6. d5 Nd7 7. f3 exf3 8. Nxf3 Nf6 9. O-O g6 10. Bg5 Bg7 11. Qd2 Ne4 12. Qf4 Bf5 13. Bh6 O-O 14. Bxg7 Kxg7 15. g4 Nd6 16. gxf5 Nxf5 17. Rad1 Qb6 18. b3 Rad8 19. Nh4 Nxh4 20. Qxh4 Qd6 21. Rde1 Rde8 22. Qf4 Qd7 23. Qe5+ Kg8 24. Rf4 b5 25. Bd3 Rd8 26. c4 bxc4 27. bxc4 e6 28. Ref1 exd5 29. cxd5 Rde8 30. Qg5 Qh3 31. R4f3 Qd7 32. Bc4 Qd6 33. Qf6 Qd7 34. d6 Qg4+ 35. Kh1 Qxc4 36. d7 Rd8 37. Qd6 Qxa2 38. Qe7 Qd5 39. Kg1 Rxd7 40. Qf6 Rd6 41. Qf4 Qd4+ 42. Qxd4 cxd4 43. Ra1 a6 44. Rd3 Ra8 45. Ra4 Rad8 46. Kf1 f5 47. Kf2 Kg7 48. Kf3 Kh6 49. Kf4 Kg7 50. Ke5 Rd5+ 51. Ke6 R8d6+ 52. Ke7 Rd7+ 53. Ke6 R5d6+ 54. Ke5 Kf7 55. Rb4 Re6+ 56. Kf4 Re4+ 57. Kg5 Kg7 58. h3 h6# 0-1


[Site "https://www.chess.com"]

[Event "Titled Tuesday Blitz April 25 Early 2023"]
[White "Shuvalov, Evgenij"]
[Black "Torres Dominguez, David"]
[WhiteFideId "4187237"]
[BlackFideId "2220857"]
[WhiteElo "2080"]
[BlackElo "1999"]
[Result "1-0"]
[Round "05"]
[TimeControl "180+2"]
[Date "2023.04.25"]
[WhiteClock "0:00:15"]
[BlackClock "0:00:01"]

1. d4 e5 2. dxe5 d6 3. Nf3 Bg4 4. Bf4 Nc6 5. Nbd2 Qd7 6. h3 Bh5 7. exd6 Bxd6 8. Bxd6 Qxd6 9. e3 O-O-O 10. Be2 Nf6 11. c3 Rhe8 12. Nd4 Bxe2 13. Qxe2 Nxd4 14. cxd4 h5 15. a3 Qd5 16. Nf3 g5 17. O-O-O Qa2 18. Qc2 Ne4 19. Rhf1 Rd6 20. Ne5 Rxe5 21. dxe5 Rc6 22. Qxc6 bxc6 23. Kc2 Qc4+ 24. Kb1 Qe2 25. Ka1 Nd2 26. Rfe1 Qxf2 27. g4 hxg4 28. hxg4 Qg3 29. Re2 Nc4 30. Rc1 Nxe5 31. Rc5 Qf3 32. Rec2 Qe4 33. R2c3 Qh1+ 34. Ka2 Qe4 35. Ka1 Kd7 36. Ka2 Nxg4 37. Rxg5 Qe6+ 38. Ka1 Nxe3 39. Rgc5 Nd1 40. Rd3+ Kc8 41. Rxd1 Qe3 42. Rdc1 Qe7 43. Rxc6 Kb7 44. R6c3 Qd7 45. Rf3 f5 46. Rcf1 a6 47. Rxf5 Qe7 48. R5f3 Qe2 49. R3f2 Qe3 50. Kb1 Qd3+ 51. Ka1 a5 52. Rc1 a4 53. Rfc2 Kb8 54. Rxc7 Qe3 55. R7c3 Qd2 56. Rc4 Qd7 57. Rb4+ Ka7 58. Rcc4 1-0


[Site "https://www.chess.com"]

[Event "Titled Tuesday Blitz April 25 Early 2023"]
[White "Aung Thant Zin"]
[Black "Dudzinski, Pawel"]
[WhiteFideId "13000063"]
[BlackFideId "1117890"]
[WhiteElo "2278"]
[BlackElo "2099"]
[Result "1-0"]
[Round "05"]
[TimeControl "180+2"]
[Date "2023.04.25"]
[WhiteClock "0:00:59"]
[BlackClock "0:00:08"]

1. e4 c6 2. d4 d5 3. Nc3 g6 4. Nf3 Bg7 5. Be2 dxe4 6. Nxe4 Bg4 7. Be3 Nf6 8. Nxf6+ Bxf6 9. Qd2 Nd7 10. O-O-O Nb6 11. c4 Bxf3 12. gxf3 Qd7 13. Kb1 O-O-O 14. Qa5 Kb8 15. d5 cxd5 16. Bxb6 axb6 17. Qxb6 d4 18. Rd3 Qc6 19. Qa5 b6 20. Rb3 Kc7 21. Qe1 e5 22. Bd3 Qe6 23. Be4 Be7 24. Bd5 Qf5+ 25. Be4 Qf4 26. Qe2 f5 27. Bd5 Bc5 28. Rb5 Rhe8 29. b4 Bf8 30. Rc1 e4 31. fxe4 fxe4 32. Qb2 d3 33. Qd4 Qd6 34. c5 Qxd5 35. cxb6+ Kb8 36. Rxd5 Rxd5 37. Qxd5 Bxb4 38. Qc6 1-0


[Site "https://www.chess.com"]

[Event "Titled Tuesday Blitz April 25 Early 2023"]
[White "Kubatko, Ivan"]
[Black "White, John S."]
[WhiteFideId "24111473"]
[BlackFideId "2502348"]
[WhiteElo "2285"]
[BlackElo "2002"]
[Result "1-0"]
[Round "05"]
[TimeControl "180+2"]
[Date "2023.04.25"]
[WhiteClock "0:01:02"]
[BlackClock "0:00:59"]

1. e4 e6 2. d4 d5 3. exd5 exd5 4. Nf3 Be6 5. Bg5 Be7 6. Bxe7 Nxe7 7. Bd3 Ng6 8. O-O Nc6 9. Re1 O-O 10. Nbd2 Nf4 11. Bf1 Qf6 12. c3 Qg6 13. Kh1 h5 14. Ne5 Nxe5 15. Rxe5 h4 16. Qf3 h3 17. Qxf4 hxg2+ 18. Bxg2 Bg4 19. Rg5 1-0


[Site "https://www.chess.com"]

[Event "Titled Tuesday Blitz April 25 Early 2023"]
[White "Parkhov, Yair"]
[Black "Itkis, Boris"]
[WhiteFideId "2813408"]
[BlackFideId "1209167"]
[WhiteElo "2421"]
[BlackElo "2216"]
[Result "1/2-1/2"]
[Round "05"]
[TimeControl "180+2"]
[Date "2023.04.25"]
[WhiteClock "0:01:03"]
[BlackClock "0:00:03"]

1. e4 c5 2. Nf3 Nc6 3. d4 cxd4 4. Nxd4 g6 5. c4 Bg7 6. Be3 Nf6 7. Nc3 O-O 8. f3 d6 9. Qd2 Bd7 10. Be2 Nxd4 11. Bxd4 Bc6 12. O-O Nd7 13. Bxg7 Kxg7 14. Rac1 a5 15. b3 Nc5 16. Rfd1 Qb6 17. Kh1 Kg8 18. Qd4 Nd7 19. Qd2 Nc5 20. Rb1 Rfd8 21. Bf1 Qc7 22. h4 Ne6 23. Rdc1 Qb6 24. Rd1 Rac8 25. h5 Qc5 26. Nd5 Bxd5 27. cxd5 Nf8 28. Rdc1 Qb6 29. h6 Nd7 30. Rxc8 Rxc8 31. Rc1 Rxc1 32. Qxc1 Qc5 33. Qb2 f6 34. a3 Qe3 35. Qc2 Qxh6+ 36. Kg1 Qe3+ 37. Kh1 Qc5 38. Bc4 b5 39. Bd3 Qxc2 40. Bxc2 b4 41. axb4 axb4 42. Kg1 Nc5 43. Kf2 Kf7 44. Ke3 e6 45. Kd4 e5+ 46. Kc4 Ke7 47. Kxb4 Kd7 48. Kb5 Kc7 49. b4 Nd7 50. Ka6 h5 51. Kb5 g5 52. Kc4 Kb6 53. Ba4 Nf8 54. Be8 h4 55. b5 Nh7 56. Bg6 Nf8 57. Bf5 Ka5 58. b6 Kxb6 59. Kb4 Kc7 60. Kb5 Nd7 61. Bxd7 Kxd7 62. Kc4 Kc7 63. Kb5 Kb7 64. Kc4 Ka6 65. Kb4 Kb6 66. Kc4 Ka5 67. Kc3 Kb5 68. Kb3 Ka5 69. Kc3 Kb5 70. Kb3 Kc5 71. Kc3 Kb5 1/2-1/2


[Site "https://www.chess.com"]

[Event "Titled Tuesday Blitz April 25 Early 2023"]
[White "Bodnaruk, Anastasia"]
[Black "Todorovic, Bojan"]
[WhiteFideId "4181751"]
[BlackFideId "917087"]
[WhiteElo "2310"]
[BlackElo "2266"]
[Result "1-0"]
[Round "05"]
[TimeControl "180+2"]
[Date "2023.04.25"]
[WhiteClock "0:01:19"]
[BlackClock "0:00:01"]

1. e4 g6 2. d4 Bg7 3. Nc3 d6 4. f4 a6 5. Nf3 Nd7 6. Be3 b5 7. e5 Bb7 8. Bd3 c5 9. Be4 Bxe4 10. Nxe4 Qc7 11. exd6 exd6 12. dxc5 dxc5 13. Qd5 Nb6 14. Qxc5 Qxc5 15. Bxc5 Na4 16. Bd4 Bxd4 17. Nxd4 O-O-O 18. O-O-O Ne7 19. Rhe1 Rd7 20. Nf6 Rc7 21. Nf3 Nf5 22. g4 Ng7 23. Ne5 Ne6 24. Nxf7 Rxf7 25. Rxe6 Kb7 26. Nd5 Rd8 27. Rf6 Rfd7 28. Ne3 Rxd1+ 29. Nxd1 Rd7 30. c3 Nc5 31. Nf2 1-0


[Site "https://www.chess.com"]

[Event "Titled Tuesday Blitz April 25 Early 2023"]
[White "egorchess95"]
[Black "Allahverdiyeva, Ayan"]
[BlackFideId "13412590"]
[WhiteElo "2546"]
[BlackElo "1980"]
[Result "0-1"]
[Round "05"]
[TimeControl "180+2"]
[Date "2023.04.25"]
[WhiteClock "0:00:19"]
[BlackClock "0:00:14"]

1. e4 c5 2. Nf3 d6 3. d4 cxd4 4. Qxd4 Nc6 5. Bb5 Bd7 6. Bxc6 Bxc6 7. Nc3 e6 8. Bg5 Nf6 9. O-O-O Be7 10. Bxf6 Bxf6 11. Qxd6 Qxd6 12. Rxd6 Bxc3 13. bxc3 Bxe4 14. Ne5 Rc8 15. c4 b6 16. f3 Ba8 17. Rhd1 O-O 18. R1d4 f6 19. Nd3 e5 20. Rg4 Rc7 21. h4 h5 22. Rg3 Kh7 23. Nb2 Bb7 24. Rd3 Rfc8 25. Rh3 Ba6 26. Rc3 b5 27. Rh1 b4 28. Rb3 Bxc4 29. Rxb4 Bxa2 30. Ra4 Rxc2+ 31. Kd1 Rxb2 32. Rxa7 Rb1+ 0-1


[Site "https://www.chess.com"]

[Event "Titled Tuesday Blitz April 25 Early 2023"]
[White "Fiorito, Francisco"]
[Black "Zaichenko, Daria"]
[WhiteFideId "180165"]
[BlackFideId "4197453"]
[WhiteElo "2341"]
[BlackElo "2039"]
[Result "1-0"]
[Round "05"]
[TimeControl "180+2"]
[Date "2023.04.25"]
[WhiteClock "0:01:08"]
[BlackClock "0:00:54"]

1. d4 d5 2. Bf4 Nf6 3. e3 c6 4. Nc3 g6 5. Be2 Bg7 6. Nf3 O-O 7. Ne5 Nbd7 8. h4 Nxe5 9. Bxe5 b5 10. h5 h6 11. hxg6 fxg6 12. f3 Nd7 13. Bxg7 Kxg7 14. Qd2 e6 15. O-O-O Qg5 16. g4 Nb6 17. f4 Qe7 18. Rh2 b4 19. Nb1 Bd7 20. Rdh1 Rh8 21. Bd3 a5 22. Rh3 a4 23. Qh2 Rh7 24. Rxh6 Rxh6 25. Qxh6+ Kg8 26. Qh8+ Kf7 27. Rh7# 1-0


[Site "https://www.chess.com"]

[Event "Titled Tuesday Blitz April 25 Early 2023"]
[White "Mihajlovskij"]
[Black "Sadovsky, Artem"]
[BlackFideId "4155840"]
[WhiteElo "2310"]
[BlackElo "2314"]
[Result "0-1"]
[Round "05"]
[TimeControl "180+2"]
[Date "2023.04.25"]
[WhiteClock "0:01:04"]
[BlackClock "0:00:41"]

1. e4 g6 2. d4 Bg7 3. Nc3 c6 4. f4 d5 5. e5 h5 6. Nf3 Nh6 7. h3 Nf5 8. Kf2 h4 9. Bd3 Ng3 10. Re1 Bf5 11. Be3 Bxd3 12. Qxd3 Nf5 13. Kg1 e6 14. Bf2 Bf8 15. a3 Be7 16. b4 Nd7 17. Na4 b5 18. Nc5 Nb6 19. c3 Nc4 20. a4 Bxc5 21. dxc5 Nb2 22. Qc2 Nxa4 23. Rxa4 bxa4 24. Qxa4 Qd7 25. Qa5 Kf8 26. Ra1 Kg7 27. Qa6 Qc8 28. Qa5 Qb7 29. Nd2 Rhb8 30. Nb3 Qd7 31. Qa6 d4 32. Bxd4 Nxd4 33. Nxd4 Rxb4 34. Nxc6 Rxf4 35. Kh2 Rf2 36. Nd4 Qd5 37. Rg1 Qxe5+ 38. Kh1 Qxc5 39. Nxe6+ fxe6 40. Qb7+ Rf7 41. Qxa8 Qxc3 42. Qxa7 Rxa7 0-1


[Site "https://www.chess.com"]

[Event "Titled Tuesday Blitz April 25 Early 2023"]
[White "Shimelkov, Vasiliy"]
[Black "Gonzalez, Francisco Silva"]
[WhiteFideId "13701630"]
[BlackFideId "1512285"]
[WhiteElo "2073"]
[BlackElo "2074"]
[Result "0-1"]
[Round "05"]
[TimeControl "180+2"]
[Date "2023.04.25"]
[WhiteClock "0:00:02"]
[BlackClock "0:00:19"]

1. d4 Nf6 2. c4 e6 3. Nf3 d5 4. Nc3 a6 5. cxd5 exd5 6. Bf4 Be6 7. e3 Bd6 8. Ne5 c5 9. dxc5 Bxc5 10. Be2 Bd6 11. Nd3 Nc6 12. Bxd6 Qxd6 13. O-O O-O 14. Bf3 Rad8 15. Nf4 d4 16. Nxe6 Qxe6 17. exd4 Rxd4 18. Qc1 Qc8 19. Rd1 Rfd8 20. Rxd4 Nxd4 21. Qf4 Ne6 22. Qe5 b5 23. h3 Nd4 24. Bd1 b4 25. Ne4 Nxe4 26. Qxe4 Qc5 27. Ba4 Ne6 28. Re1 a5 29. Bb3 Re8 30. Qg4 h5 31. Qf3 g6 32. Qf6 Qe7 33. Qe5 Qd8 34. Ba4 Re7 35. Qb5 Nd4 36. Qf1 Nf5 37. Rd1 Qb6 38. Qd3 Kg7 39. Bb3 Qf6 40. Qd2 h4 41. Qf4 Qxb2 42. Qb8 a4 43. Bd5 Qe2 44. Bf3 Qc4 45. Rd8 Kf6 46. Qb6+ Kg5 47. Qb7 Qf4 0-1


[Site "https://www.chess.com"]

[Event "Titled Tuesday Blitz April 25 Early 2023"]
[White "Chirivi C, Jenny Astrid"]
[Black "Tokman, Ariel"]
[WhiteFideId "4403061"]
[BlackFideId "117420"]
[WhiteElo "2001"]
[BlackElo "2263"]
[Result "1/2-1/2"]
[Round "05"]
[TimeControl "180+2"]
[Date "2023.04.25"]
[WhiteClock "0:00:07"]
[BlackClock "0:00:18"]

1. d4 d6 2. c4 Nf6 3. Nc3 g6 4. e4 Bg7 5. f3 O-O 6. Be3 c5 7. Nge2 cxd4 8. Nxd4 Nc6 9. Be2 Nxd4 10. Bxd4 Qa5 11. O-O Be6 12. Rc1 Rfc8 13. b3 h5 14. Qd2 Kh7 15. Rfd1 Bh6 16. Be3 Bxe3+ 17. Qxe3 Qc5 18. Qxc5 Rxc5 19. Nb5 Bd7 20. Nd4 Kg7 21. Kf2 a5 22. Ke3 Kf8 23. g3 e5 24. Nc2 Ke7 25. Ne1 Rcc8 26. f4 Bc6 27. Bf3 Nd7 28. Nd3 f6 29. Rf1 Nc5 30. fxe5 fxe5 31. Nxc5 dxc5 32. Be2 Rf8 33. g4 hxg4 34. Bxg4 a4 35. Rcd1 Rxf1 36. Rxf1 axb3 37. axb3 Ra3 38. Rb1 Ra2 39. h3 Rc2 40. Kd3 Rg2 41. Re1 Rg3+ 42. Re3 Rg2 43. Rf3 Rb2 44. Kc3 Rb1 45. Re3 Kf6 46. Bc8 Rg1 47. Rf3+ Kg5 48. Kd3 Rd1+ 49. Ke2 Rd4 50. Rg3+ Kf6 51. Rf3+ Ke7 52. Rg3 Bxe4 53. h4 Rd8 54. Bg4 Kf6 55. h5 gxh5 56. Bxh5 Rh8 57. Bf3 Rh2+ 58. Ke3 Bxf3 59. Kxf3 Rb2 60. Ke4 Re2+ 61. Kd5 e4 62. Kxc5 Kf5 63. Kd4 Kf4 64. Rg8 Rd2+ 65. Kc3 Rd7 66. Rf8+ Ke3 67. Re8 Kf3 68. b4 e3 69. c5 e2 70. b5 Rd5 71. Kc4 Rf5 72. c6 bxc6 73. bxc6 Rf4+ 74. Kc5 Re4 75. Rxe4 Kxe4 76. c7 e1=Q 77. Kd6 Qc1 78. Kd7 Qd2+ 79. Kc6 Qc3+ 80. Kb7 Qb4+ 81. Ka8 Qa5+ 82. Kb8 Qb6+ 83. Ka8 Qxc7 1/2-1/2


[Site "https://www.chess.com"]

[Event "Titled Tuesday Blitz April 25 Early 2023"]
[White "Bashkansky, Ethan"]
[Black "Ljukin, Sergei"]
[WhiteFideId "2071533"]
[BlackFideId "14102200"]
[WhiteElo "2301"]
[BlackElo "2312"]
[Result "0-1"]
[Round "05"]
[TimeControl "180+2"]
[Date "2023.04.25"]
[WhiteClock "0:00:01"]
[BlackClock "0:00:10"]

1. d4 d5 2. c4 c6 3. Nc3 Nf6 4. e3 e6 5. Nf3 Nbd7 6. Bd3 dxc4 7. Bxc4 b5 8. Be2 a6 9. e4 c5 10. e5 cxd4 11. Qxd4 Bc5 12. Qh4 Nd5 13. Qg3 g6 14. O-O Nxc3 15. bxc3 O-O 16. Bg5 Be7 17. Qh4 f6 18. exf6 Nxf6 19. Rfe1 Bb7 20. Nd4 Qc8 21. c4 e5 22. Nf3 e4 23. Ne5 Qf5 24. f4 exf3 25. Bxf3 Bxf3 26. Nxf3 Bc5+ 27. Be3 Bxe3+ 28. Rxe3 Qc5 29. Qd4 Qxd4 30. Nxd4 bxc4 31. Rc1 Nd5 32. Re5 Rad8 33. Rxc4 Nb6 34. Rb4 Nd7 35. Re7 Nc5 36. Ne6 Rd1# 0-1


[Site "https://www.chess.com"]

[Event "Titled Tuesday Blitz April 25 Early 2023"]
[White "Korelskiy, Egor"]
[Black "Blokhin, Sofia"]
[WhiteFideId "34329064"]
[BlackFideId "4508190"]
[WhiteElo "2186"]
[BlackElo "1994"]
[Result "1-0"]
[Round "05"]
[TimeControl "180+2"]
[Date "2023.04.25"]
[WhiteClock "0:02:26"]
[BlackClock "0:01:43"]

1. e4 c5 2. Nf3 e6 3. d4 cxd4 4. Nxd4 a6 5. Bd3 Qc7 6. Qe2 Nf6 7. O-O Nc6 8. Nxc6 dxc6 9. e5 Nd7 10. Re1 Bc5 11. Nd2 O-O 12. Nf3 b5 13. Bxh7+ Kxh7 14. Ng5+ Kg6 15. Qd3+ f5 16. exf6+ Kxf6 17. Rxe6# 1-0


[Site "https://www.chess.com"]

[Event "Titled Tuesday Blitz April 25 Early 2023"]
[White "Bueno, Alfeu Junior Varela"]
[Black "Toncheva, Nadya"]
[WhiteFideId "2108879"]
[BlackFideId "2924056"]
[WhiteElo "2175"]
[BlackElo "2101"]
[Result "1/2-1/2"]
[Round "05"]
[TimeControl "180+2"]
[Date "2023.04.25"]
[WhiteClock "0:00:02"]
[BlackClock "0:00:05"]

1. e4 c5 2. Nc3 Nc6 3. f4 g6 4. Nf3 Bg7 5. Bb5 Nd4 6. O-O e6 7. d3 Ne7 8. Nxd4 cxd4 9. Ne2 O-O 10. Ba4 d6 11. Bb3 Nc6 12. Ng3 Na5 13. f5 Nxb3 14. axb3 d5 15. Qf3 dxe4 16. dxe4 exf5 17. exf5 Qf6 18. fxg6 Qxg6 19. Nf5 Bxf5 20. Qxf5 Rfe8 21. Qf2 d3 22. cxd3 Rad8 23. Kh1 Rxd3 24. Qxa7 Rxb3 25. Qa4 Re2 26. Rg1 Rd3 27. Qa8+ Bf8 28. Qxb7 h5 29. Ra8 Kg7 30. Qb8 Qd6 31. Bh6+ Kxh6 32. Qxf8+ Qxf8 33. Rxf8 Kg7 34. Rb8 Rdd2 35. b4 h4 36. h3 Kf6 37. Rb6+ Ke5 38. b5 Ke4 39. Rf6 Rb2 40. Rxf7 Rxb5 41. Rh7 Kf5 42. Rxh4 Kg5 43. Rg4+ Kh5 44. Kh2 Rbb2 45. Rg3 Ra2 46. Rd1 Rab2 47. Rd5+ Kh6 48. Rd8 Kh7 49. Rd4 Re6 50. Rh4+ Rh6 51. Rxh6+ Kxh6 52. Rf3 Kh5 53. Rf5+ Kh4 54. Rc5 Ra2 55. Rd5 Rb2 56. Rd4+ Kh5 57. h4 Kg6 58. Kh3 Kh5 59. Rd6 Rb3+ 60. g3 Rxg3+ 61. Kxg3 1/2-1/2


[Site "https://www.chess.com"]

[Event "Titled Tuesday Blitz April 25 Early 2023"]
[White "Sarkar, Justin"]
[Black "Garcia Almaguer, Juan Manuel"]
[WhiteFideId "2010011"]
[BlackFideId "5110491"]
[WhiteElo "2189"]
[BlackElo "2117"]
[Result "0-1"]
[Round "05"]
[TimeControl "180+2"]
[Date "2023.04.25"]
[WhiteClock "0:00:03"]
[BlackClock "0:00:20"]

1. e4 e5 2. f4 exf4 3. Nf3 g5 4. Bc4 Bg7 5. O-O c6 6. d4 d5 7. exd5 cxd5 8. Bb5+ Nc6 9. Re1+ Be6 10. Ne5 Ne7 11. Qh5 Qb6 12. Bxc6+ bxc6 13. Qxg5 Qxd4+ 14. Kh1 Bxe5 15. Qxe5 Qxe5 16. Rxe5 O-O-O 17. Nc3 Ng6 18. Re1 Bf5 19. Bd2 Bxc2 20. Rac1 Be4 21. Nxe4 dxe4 22. Ba5 Rd5 23. b4 Re8 24. Rxc6+ Kb8 25. Kg1 f5 26. Kf1 Ne5 0-1


[Site "https://www.chess.com"]

[Event "Titled Tuesday Blitz April 25 Early 2023"]
[White "Tsyhanchuk, Stanislav"]
[Black "Khoder, Akram"]
[WhiteFideId "13505130"]
[BlackFideId "5306914"]
[WhiteElo "2173"]
[BlackElo "2034"]
[Result "0-1"]
[Round "05"]
[TimeControl "180+2"]
[Date "2023.04.25"]
[WhiteClock "0:00:33"]
[BlackClock "0:01:32"]

1. c4 c6 2. Nc3 d5 3. e3 Nf6 4. Nf3 g6 5. d4 Bg7 6. cxd5 cxd5 7. Be2 O-O 8. O-O Nc6 9. a3 Bf5 10. b4 a6 11. Bd2 Rc8 12. Qb3 Ne4 13. Nxe4 dxe4 14. Ne1 Be6 15. Qb1 Qd5 16. Nc2 b5 17. a4 h5 18. axb5 axb5 19. Na3 Na7 20. f3 Bf5 21. Qb2 e5 22. fxe4 Bxe4 23. Bf3 exd4 24. Bxe4 Qxe4 25. Qb3 dxe3 26. Bxe3 Rc3 0-1


[Site "https://www.chess.com"]

[Event "Titled Tuesday Blitz April 25 Early 2023"]
[White "Zhukova, Natalia"]
[Black "Fierz, Martin"]
[WhiteFideId "14101513"]
[BlackFideId "1302132"]
[WhiteElo "2297"]
[BlackElo "2265"]
[Result "1-0"]
[Round "05"]
[TimeControl "180+2"]
[Date "2023.04.25"]
[WhiteClock "0:00:03"]
[BlackClock "0:00:42"]

1. c4 c6 2. d4 d5 3. Nf3 Nf6 4. Nc3 a6 5. c5 Nbd7 6. Bf4 Nh5 7. Bd2 Nhf6 8. h3 g6 9. Bf4 Bg7 10. e3 O-O 11. Be2 Re8 12. O-O Nh5 13. Bh2 e5 14. Nxe5 Nxe5 15. dxe5 Bxe5 16. Bxh5 Bxh2+ 17. Kxh2 gxh5 18. Qxh5 Qc7+ 19. Kg1 Qe5 20. Qh4 Bf5 21. Rfd1 Bg6 22. Ne2 Qxb2 23. Nd4 Re4 24. Qg3 Re7 25. h4 h5 26. Qg5 Rae8 27. a4 Re5 28. Qg3 Kh7 29. Re1 Qb4 30. f4 Rf5 31. Rab1 Qxc5 32. Nxf5 Bxf5 33. Rxb7 Re7 34. Rxe7 Qxe7 35. Qg5 Qe4 36. Qxh5+ Kg7 37. Qg5+ Kh7 38. Kh2 d4 39. h5 dxe3 40. h6 Bg6 41. Qf6 Kxh6 42. Qh8+ Bh7 43. Qf6+ Bg6 44. Qe5 Qxa4 45. Rxe3 Qd1 46. Rh3+ Bh5 47. Qg5+ Kh7 48. Rxh5+ 1-0


[Site "https://www.chess.com"]

[Event "Titled Tuesday Blitz April 25 Early 2023"]
[White "Fan_Of_Chucky"]
[Black "Nery Junior, Jose Antonio"]
[BlackFideId "2104822"]
[WhiteElo "2424"]
[BlackElo "2197"]
[Result "1-0"]
[Round "05"]
[TimeControl "180+2"]
[Date "2023.04.25"]
[WhiteClock "0:00:04"]
[BlackClock "0:00:01"]

1. d4 d5 2. c4 c6 3. Nf3 Nf6 4. g3 e6 5. Bg2 Nbd7 6. O-O Bd6 7. Nbd2 O-O 8. Qc2 Qe7 9. Re1 e5 10. e4 dxc4 11. Nxc4 Bc7 12. dxe5 Nxe5 13. Ncxe5 Bxe5 14. Nxe5 Qxe5 15. Bf4 Qb5 16. a4 Qa5 17. Rab1 Re8 18. b4 Qh5 19. b5 Bh3 20. bxc6 bxc6 21. Qxc6 Ng4 22. Bf3 Rac8 23. Qd5 Qg6 24. Qg5 Ne5 25. Bg2 Bxg2 26. Kxg2 Nd3 27. Qxg6 Nxe1+ 28. Rxe1 hxg6 29. e5 Rc4 30. Ra1 g5 31. Bxg5 Rxe5 32. Be3 Ra5 33. Rb1 Raxa4 34. Rb8+ Kh7 35. Rb7 f6 36. Bxa7 Rc8 37. Be3 Kg6 38. Re7 Ra2 39. h4 Rc3 40. Kf3 Rc4 41. h5+ Kf5 42. Rxg7 Rc8 43. g4+ Ke6 44. Rg6 Kf7 45. Rh6 Rg8 46. Rh7+ Rg7 47. Rxg7+ Kxg7 48. Kg3 Ra4 49. f3 Kf7 50. Bf4 Rc4 51. Be3 Ke6 52. h6 Kf7 53. f4 Kg6 54. f5+ Kh7 55. Kh4 Re4 56. Bc1 Re1 57. Bb2 1-0


[Site "https://www.chess.com"]

[Event "Titled Tuesday Blitz April 25 Early 2023"]
[White "Toktomushev, Teimur"]
[Black "Barwinska, Ewa"]
[WhiteFideId "14176726"]
[BlackFideId "21833761"]
[WhiteElo "2116"]
[BlackElo "1908"]
[Result "1-0"]
[Round "05"]
[TimeControl "180+2"]
[Date "2023.04.25"]
[WhiteClock "0:00:04"]
[BlackClock "0:00:08"]

1. d4 d5 2. c4 c6 3. Nc3 Nf6 4. e3 e6 5. Nf3 Bd6 6. Bd3 O-O 7. O-O Nbd7 8. e4 dxe4 9. Nxe4 Nxe4 10. Bxe4 Nf6 11. Bc2 h6 12. Ne5 Qc7 13. Bf4 c5 14. Qd3 Rd8 15. Rad1 b6 16. dxc5 bxc5 17. Nxf7 Qxf7 18. Bxd6 Bb7 19. Qg3 Be4 20. Bb3 Nh5 21. Qh4 Qg6 22. f3 Bc6 23. Bxc5 Rxd1 24. Rxd1 Bxf3 25. Rd2 Be4 26. Bd1 Nf6 27. Bd4 Rf8 28. Bxf6 Rxf6 29. Bh5 Qf5 30. h3 Qf1+ 31. Kh2 Qf4+ 32. Qxf4 Rxf4 33. Rd8+ Kh7 34. Rd7 Bf5 35. Rxa7 Rxc4 36. Bf3 Rc2 37. b4 Rb2 38. a3 Bc2 39. Rc7 Bf5 40. a4 Rxb4 41. a5 Ra4 42. Rc5 Bd3 43. Bb7 Bc4 44. Re5 Bd5 45. Bxd5 exd5 46. Rxd5 Kg6 47. Rb5 Kf6 48. Rb6+ Ke7 49. a6 Kf8 50. Kg3 g5 51. Kf3 Kg7 52. Ke3 Ra3+ 53. Kd4 Ra4+ 54. Kc5 Ra1 55. Kc6 Rc1+ 56. Kb7 Ra1 57. a7 Rf1 58. a8=Q Rf7+ 59. Ka6 Rf8 60. Rb7+ 1-0


[Site "https://www.chess.com"]

[Event "Titled Tuesday Blitz April 25 Early 2023"]
[White "Dwilewicz, Katarzyna"]
[Black "De Souza, Cristiano Gomes"]
[WhiteFideId "1148486"]
[BlackFideId "2151758"]
[WhiteElo "2065"]
[BlackElo "2068"]
[Result "0-1"]
[Round "05"]
[TimeControl "180+2"]
[Date "2023.04.25"]
[WhiteClock "0:00:18"]
[BlackClock "0:00:10"]

1. e4 c5 2. Nc3 d6 3. d4 cxd4 4. Qxd4 Nc6 5. Qd2 g6 6. b3 Bg7 7. Bb2 Nf6 8. O-O-O O-O 9. f3 Be6 10. Nge2 a5 11. a4 Rc8 12. Kb1 Nb4 13. Nd4 Nd7 14. g4 Ne5 15. h4 Qb6 16. h5 Rfd8 17. hxg6 hxg6 18. Bb5 Nec6 19. Nxe6 fxe6 20. Qh2 Kf7 21. Qf4+ Kg8 22. Qg5 Kf7 23. f4 Nd4 24. Bc4 Rxc4 25. bxc4 Nbxc2 26. Rh7 Rg8 27. f5 exf5 28. exf5 Na3+ 29. Ka1 Nac2+ 30. Kb1 Na3+ 31. Ka1 Nac2+ 32. Ka2 Qb3+ 33. Kb1 Na3+ 34. Ka1 Ndc2# 0-1


[Site "https://www.chess.com"]